 Dungeon Crawl Stone Soup version 0.23.2-1-ga50397a (webtiles) character file.

Game seed: 16220291509199515815

114 MalarOregon the Digger (level 4, -1/33 HPs)
             Began as a Ghoul Earth Elementalist on May 26, 2019.
             Killed from afar by Sigmund (11 damage)
             ... with a puff of flame
             ... on level 2 of the Dungeon.
             The game lasted 00:10:14 (3844 turns).

MalarOregon the Digger (Ghoul Earth Elementalist)   Turns: 3844, Time: 00:10:15

Health: -1/33      AC:  2    Str: 11    XL:     4   Next: 98%
Magic:  3/7        EV: 11    Int: 11    God:
Gold:   37         SH:  0    Dex:  9    Spells: 5/9 levels left

rFire    . . .     SeeInvis .   f - +0 dagger
rCold    + . .     Gourm    .   h - +0 buckler
rNeg     + + +     Faith    .   c - +0 robe
rPois    ∞         Spirit   .   (no helmet)
rElec    .         Reflect  .   (no cloak)
rCorr    .         Harm     .   (no gloves)
MR       .....                  (no boots)
Stlth    +.........             (no amulet)
HPRegen  0.00/turn              (no ring)
MPRegen  0.10/turn              (no ring)

@: confused, rotting
A: rotting body, claws 1, carnivore, cold resistance 1, negative energy
resistance 3, inhibited regeneration, torment resistance, unbreathing
a: no special abilities


You were on level 2 of the Dungeon.
You were not hungry.

You visited 1 branch of the dungeon, and saw 2 of its levels.

You collected 37 gold pieces.

Inventory:

Hand Weapons
 f - a +0 dagger (weapon)
   (You took it off a goblin on level 2 of the Dungeon)
Missiles
 b - 21 stones (quivered)
Armour
 c - a +0 robe (worn)
 h - a +0 buckler (worn)
   (You found it on level 1 of the Dungeon)
Scrolls
 a - 2 scrolls of identify {@r1}
 d - a scroll of teleportation {@r4}
 g - 2 scrolls of remove curse {@r2}
Potions
 i - a potion of flight
Comestibles
 e - 3 rations {!d}


   Skills:
 - Level 1.7 Dodging
 - Level 2.1 Stealth
 + Level 1.1 Shields
 + Level 3.0 Spellcasting
 + Level 0.1 Conjurations
   Level 0.8 Transmutations
 + Level 4.6 Earth Magic


You had 5 spell levels left.
You knew the following spells:

 Your Spells              Type           Power        Failure   Level  Hunger
a - Sandblast             Erth           ##....       5%          1    #......
x - Stone Arrow           Conj/Erth      #.....       38%         3    ###....

Your spell library contained the following spells:

 Spells                   Type           Power        Failure   Level  Hunger
 Passwall                 Tmut/Erth      #.......     19%         2    ###....
 Petrify                  Tmut/Erth      #.......     75%         4    #####..
 Lee's Rapid Deconstruct  Erth           ##........   83%         5    ######.


Dungeon Overview and Level Annotations

Branches:
Dungeon (2/15)

Altars:

Annotations:
D:2 Sigmund


Innate Abilities, Weirdness & Mutations

Your body is rotting away.
You thrive on raw meat.
You are immune to poison.
You have sharp fingernails.
You are carnivorous and can eat meat at any time.
Your flesh is cold resistant. (rC+)
You are immune to negative energy. (rN+++)
You do not regenerate when monsters are visible.
You are immune to unholy pain and torment.
You can survive without breathing.


Message History

Sigmund gestures at you while chanting. The puff of flame misses you.
Unknown command.
You bump into the rock wall.
Sigmund points at you and mumbles some strange words.
The magic dart hits you.
You bump into the rock wall.
Sigmund hits you from afar with a +0 scythe!
* * * LOW HITPOINT WARNING * * *
You bump into the rock wall.
You bump into the rock wall.
You feel less confused. Sigmund barely misses you.
All of the chunks of flesh in your inventory have rotted away.
Aim: Sigmund, wielding a +0 scythe, wearing a cursed +0 robe and carrying a wand of polymorph (9) (severely wounded)
You miscast Sandblast.
You feel gritty.
Sigmund hits you from afar with a +0 scythe!
* * * LOW HITPOINT WARNING * * *
Sigmund zaps a wand.
You resist with some effort.
Sigmund zaps a wand.
Unknown command.
There is an open door here.
You close the door.
Sigmund opens the door.
Sigmund gestures at you while chanting. You resist with some effort.
Sigmund zaps a wand.
You resist with some effort.
There is an open door here.
You close the door.
There is an open door here.
You close the door.
Your magical contamination has completely faded away.
Sigmund opens the door.
There is an open door here.
You close the door.
There is a stone staircase leading down here.
You start resting.
Sigmund the Dreaded opens the door.
He is wielding a +0 scythe and carrying a wand of polymorph (6).
You can't see any susceptible monsters within range! (Use Z to cast anyway.) Sigmund zaps a wand.
Aim: Sigmund, wielding a +0 scythe, wearing a cursed +0 robe and carrying a wand of polymorph (5) (severely wounded)
The blast of sand hits Sigmund!
b - 21 stones Sigmund gestures at you while chanting.
You are confused.
Sigmund casts a spell at you. The puff of flame hits you!
You die...

########## ###
#........# #..
##########........#
#..
#.....@..@........#
#..
#.####.###........#
#.. ##'####.#
#........# #..
#.......# #........#
#.. #.......#
#........# #..
#.......# #........#
#.. #^......#
#.....@..# ##.
#.......###........#
#.
##.........######'##
#.


You could see Sigmund.

Vanquished Creatures
  3 adders (D:2)
  2 oozes (D:1)
  2 worms
  2 dart slugs (D:1)
  A leopard gecko (D:2)
  A giant cockroach (D:1)
  13 goblins
  9 hobgoblins
  6 jackals (D:2)
  6 kobolds
  A quokka (D:2)
  5 bats
  4 frilled lizards
  9 rats
64 creatures vanquished.

Notes
Turn   | Place    | Note
-------+----------+-------------------------------------------
     0 | D:1      | MalarOregon the Ghoul Earth Elementalist began the quest
                  | for the Orb.
     0 | D:1      | Reached XP level 1. HP: 14/14 MP: 2/2
   279 | D:1      | Reached XP level 2. HP: 10/20 MP: 0/4
   985 | D:1      | Reached skill level 4 in Earth Magic
   985 | D:1      | Reached XP level 3. HP: 26/26 MP: 2/5
  1032 | D:1      | Learned a level 3 spell: Stone Arrow
  1400 | D:2      | Reached XP level 4. HP: 17/33 MP: 2/7
  2754 | D:2      | Reached skill level 1 in Shields
  3786 | D:2      | Noticed Sigmund
  3844 | D:2      | Killed from afar by Sigmund

Skill      XL: |  1  2  3  4 |
---------------+-------------+-----
Spellcasting   | 2 3 |  3.0
Earth Magic    | 4 |  4.6
Shields        | 1 |  1.1
Dodging        | |  1.7
Stealth        | |  2.1
Conjurations   | |  0.1
Transmutations | |  0.8

Action                   |  1- 3 |  4- 6 || total
-------------------------+-------+-------++-------
Melee: Unarmed           |    66 |     7 ||    73
       Rapier            |    14 |       ||    14
       Dagger            |       |   137 ||   137
 Cast: Sandblast         |    41 |    24 ||    65
       Stone Arrow       |       |    12 ||    12
  Use: Scroll            |     2 |     1 ||     3
  Eat: Chunk             |     3 |    19 ||    22
       Ration            |       |     2 ||     2
Armor: Robe              |     7 |    28 ||    35
Dodge: Dodged            |    58 |    84 ||   142
Block: Buckler           |       |    26 ||    26
